| TOP OF THE 1ST |
|
Brooklyn Cyclones batting - Pitching for Batavia Muckdogs : RHP Gabe Behrend
|
|
Pitching: RHP Gabe Behrend
|
|
|
Batting: RHB Tony Oria
|
0-0: Ball 1-0: Called Strike 1-1: Called Strike 1-2: Ground out 6-3 (Groundball, 56, EV 76.9 MPH)
|
|
Batting: LHB Victor Ferrermena
|
0-0: Foul Ball, location: 2F 0-1: Foul Ball, location: 2F 0-2: Foul Ball, location: 2F 0-2: Ball 1-2: Ball 2-2: Strikes out swinging
|
|
Batting: LHB Kodai Furuki
|
0-0: Called Strike 0-1: Called Strike 0-2: Foul Ball, location: 2F 0-2: Strikes out looking
|
| Top of the 1st over - 0 runs, 0 hits, 0 errors, 0 left on base; Brooklyn 0 - Batavia 0 |
| BOTTOM OF THE 1ST |
|
Batavia Muckdogs batting - Pitching for Brooklyn Cyclones : RHP Tony Ramos
|
|
Pitching: RHP Tony Ramos
|
|
|
Batting: LHB David Doge
|
0-0: Ball 1-0: Called Strike 1-1: Ball 2-1: Foul Ball, location: 2F 2-2: Ball 3-2: Fly out, F8 (Flyball, 8LM, EV 90.0 MPH)
|
|
Batting: RHB Hiromitsu Yamada
|
0-0: Ball 1-0: Ball 2-0: Called Strike 2-1: Foul Ball, location: 2F 2-2: Strikes out looking
|
|
Batting: RHB Jim Fisher
|
0-0: Called Strike 0-1: SINGLE (Line Drive, 9S, EV 100.0 MPH)
|
|
Batting: RHB Len Graham
|
0-0: Ball 1-0: Foul Ball, location: 2F 1-1: Fielders Choice at 2nd, 6-4 (Groundball, 6, EV 80.6 MPH)
|
| Bottom of the 1st over - 0 runs, 1 hit, 0 errors, 1 left on base; Brooklyn 0 - Batavia 0 |
| TOP OF THE 2ND |
|
Brooklyn Cyclones batting - Pitching for Batavia Muckdogs : RHP Gabe Behrend
|
|
Batting: LHB Adam Barry
|
0-0: Called Strike 0-1: Ball 1-1: Ball 2-1: Ball 3-1: Base on Balls
|
|
Batting: SHB Julio Ramos
|
0-0: Ball 1-0: 2-RUN HOME RUN (Line Drive, 8RXD, EV 115.6 MPH), Distance : 453 ft
|
|
Batting: RHB Leo Roman
|
0-0: Called Strike 0-1: Foul Ball, location: 2F 0-2: Fly out, F8 (Line Drive, 8LM, EV 92.5 MPH)
|
|
Batting: RHB Chris Nelson
|
0-0: Ground out 4-3 (Groundball, 4M, EV 85.0 MPH)
|
|
Batting: RHB Allen Wozniak
|
0-0: Ball 1-0: Ground out 5-3 (Groundball, 5, EV 85.6 MPH)
|
| Top of the 2nd over - 2 runs, 1 hit, 0 errors, 0 left on base; Brooklyn 2 - Batavia 0 |
| BOTTOM OF THE 2ND |
|
Batavia Muckdogs batting - Pitching for Brooklyn Cyclones : RHP Tony Ramos
|
|
Batting: LHB Justin Blakely
|
0-0: Called Strike 0-1: Ball 1-1: Foul Ball, location: 2F 1-2: Ball 2-2: Strikes out swinging
|
|
Batting: RHB Nate Crofts
|
0-0: Swinging Strike 0-1: Foul Ball, location: 2F 0-2: SINGLE (Groundball, 4MD, EV 101.2 MPH)
|
|
Batting: LHB Emilio Montalvo
|
0-0: Called Strike 0-1: Swinging Strike 0-2: Strikes out looking
|
|
Batting: RHB Jeremy Dennis
|
0-0: Called Strike 0-1: Called Strike 0-2: Ground out 4-3 (Groundball, 4, EV 92.5 MPH)
|
| Bottom of the 2nd over - 0 runs, 1 hit, 0 errors, 1 left on base; Brooklyn 2 - Batavia 0 |
| TOP OF THE 3RD |
|
Brooklyn Cyclones batting - Pitching for Batavia Muckdogs : RHP Gabe Behrend
|
|
Batting: RHB Hyeok Kim
|
0-0: Ball 1-0: Ball 2-0: Called Strike 2-1: Swinging Strike 2-2: Reached via error on a dropped throw from SS, E3 (Groundball, 6M, EV 97.5 MPH)
|
|
Pitching: RHP Ryan Babbitt
|
|
|
Batting: RHB Tony Oria
|
0-0: Foul Ball, location: 2F 0-1: Ball 1-1: Foul Ball, location: 2F 1-2: Strikes out swinging
|
|
Batting: LHB Victor Ferrermena
|
0-0: Called Strike 0-1: Foul Ball, location: 2F 0-2: Ball 1-2: Foul Ball, location: 2F 1-2: Ball Hyeok Kim steals 2nd base (no throw) 2-2: Foul Ball, location: 2F 2-2: Ball 3-2: SINGLE (Line Drive, 78M, EV 92.5 MPH) Hyeok Kim to third Runner from 3rd tries for Home, SAFE, throw by LF to home
|
|
Batting: LHB Kodai Furuki
|
0-0: Ball 1-0: Ball 2-0: Called Strike 2-1: Foul Ball, location: 2F 2-2: Ball 3-2: Foul Ball, location: 2F 3-2: SINGLE (Groundball, 34D, EV 99.4 MPH) Victor Ferrermena to second Runner from 2nd tries for 3rd, SAFE, throw by RF made at trailing runner, OUT! 9-6
|
|
Pitching: RHP Scott Feltham
|
|
|
Batting: LHB Adam Barry
|
0-0: Called Strike 0-1: Foul Ball, location: 2F 0-2: Ground out 6-3 (Groundball, 6, EV 85.0 MPH)
|
| Top of the 3rd over - 1 run, 2 hits, 1 error, 1 left on base; Brooklyn 3 - Batavia 0 |
| BOTTOM OF THE 3RD |
|
Batavia Muckdogs batting - Pitching for Brooklyn Cyclones : RHP Tony Ramos
|
|
Batting: RHB Jose Trevino
|
0-0: Swinging Strike 0-1: Foul Ball, location: 2F 0-2: Ball 1-2: Strikes out swinging
|
|
Batting: LHB David Doge
|
0-0: SINGLE (Line Drive, 8RS, EV 98.1 MPH)
|
|
Batting: RHB Hiromitsu Yamada
|
0-0: Called Strike David Doge steals 2nd base (no throw) 0-1: Foul Ball, location: 2F 0-2: Ground out 5-3 (Groundball, 5, EV 86.9 MPH)
|
|
Batting: RHB Jim Fisher
|
0-0: Swinging Strike 0-1: Ball 1-1: SINGLE (Groundball, 56D, EV 102.5 MPH) David Doge to third Runner from 3rd tries for Home, SAFE, throw by LF to home
|
|
Batting: RHB Len Graham
|
0-0: Ground out U3 (Groundball, 3S, EV 83.1 MPH)
|
| Bottom of the 3rd over - 1 run, 2 hits, 0 errors, 1 left on base; Brooklyn 3 - Batavia 1 |
| TOP OF THE 4TH |
|
Brooklyn Cyclones batting - Pitching for Batavia Muckdogs : RHP Scott Feltham
|
|
Batting: SHB Julio Ramos
|
0-0: Foul Ball, location: 2F 0-1: Foul Ball, location: 2F 0-2: Foul Ball, location: 2F 0-2: Ball 1-2: Ball 2-2: DOUBLE (Line Drive, 9LS, EV 96.9 MPH)
|
|
Batting: RHB Leo Roman
|
0-0: SINGLE (Groundball, 6MD, EV 98.8 MPH) Julio Ramos to third
|
|
Batting: RHB Chris Nelson
|
0-0: Foul Ball, location: 2F 0-1: Ball 1-1: Ball 2-1: Foul Ball, location: 2F 2-2: SINGLE (Groundball, 56D, EV 103.1 MPH) Julio Ramos scores Leo Roman to second
|
|
Batting: RHB Allen Wozniak
|
0-0: Foul Ball, location: 2F 0-1: Foul Ball, location: 2F 0-2: Ball 1-2: Ball 2-2: Foul Ball, location: 2F 2-2: Foul Ball, location: 2F 2-2: Foul Ball, location: 2F 2-2: Foul Ball, location: 2F 2-2: Ball 3-2: Base on Balls Leo Roman to third Chris Nelson to second
|
|
Pitching: RHP Alex Garza
|
|
|
Batting: RHB Hyeok Kim
|
0-0: Called Strike 0-1: Foul Ball, location: 2F 0-2: Foul Ball, location: 2F 0-2: Ball 1-2: Ball 2-2: Foul Ball, location: 2F 2-2: Ball 3-2: Foul Ball, location: 2F 3-2: Foul Ball, location: 2F 3-2: Base on Balls Leo Roman scores Chris Nelson to third Allen Wozniak to second
|
|
Batting: RHB Tony Oria
|
0-0: Ball 1-0: Foul Ball, location: 2F 1-1: Foul Ball, location: 2F 1-2: Strikes out swinging
|
|
Batting: LHB Victor Ferrermena
|
0-0: Ball 1-0: Ball 2-0: Foul Ball, location: 2F 2-1: Ball 3-1: Fly out, F7 (Flyball, 7LS, EV 96.9 MPH)
|
|
Pitching: RHP Giampaolo Nobile
|
|
|
Batting: LHB Kodai Furuki
|
0-0: Swinging Strike 0-1: Foul Ball, location: 2F 0-2: Ball 1-2: Strikes out swinging
|
| Top of the 4th over - 2 runs, 3 hits, 0 errors, 3 left on base; Brooklyn 5 - Batavia 1 |
| BOTTOM OF THE 4TH |
|
Batavia Muckdogs batting - Pitching for Brooklyn Cyclones : RHP Tony Ramos
|
|
Batting: LHB Justin Blakely
|
0-0: TRIPLE (Flyball, 78XD, EV 97.5 MPH)
|
|
Batting: RHB Nate Crofts
|
0-0: Foul Ball, location: 2F 0-1: Ball 1-1: Ground out 6-3 (Groundball, 6, EV 111.9 MPH) Justin Blakely scores
|
|
Batting: LHB Emilio Montalvo
|
0-0: Ball 1-0: Ball 2-0: Ball 3-0: Called Strike 3-1: Base on Balls
|
|
Batting: RHB Jeremy Dennis
|
0-0: Foul Ball, location: 2F 0-1: Ball 1-1: Grounds into double play, 6-4-3 (Groundball, 6, EV 83.8 MPH)
|
| Bottom of the 4th over - 1 run, 1 hit, 0 errors, 0 left on base; Brooklyn 5 - Batavia 2 |
| TOP OF THE 5TH |
|
Brooklyn Cyclones batting - Pitching for Batavia Muckdogs : RHP Giampaolo Nobile
|
|
Batting: LHB Adam Barry
|
0-0: Foul Ball, location: 2F 0-1: Ball 1-1: Ball 2-1: Called Strike 2-2: SOLO HOME RUN (Line Drive, 89XD, EV 98.1 MPH), Distance : 397 ft
|
|
Batting: SHB Julio Ramos
|
0-0: Foul Ball, location: 2F 0-1: Ball 1-1: Foul Ball, location: 2F 1-2: SINGLE (Line Drive, 4MD, EV 98.1 MPH)
|
|
Batting: RHB Leo Roman
|
0-0: Called Strike 0-1: Ball Wild Pitch! Julio Ramos to second 1-1: Ball 2-1: Ball 3-1: Base on Balls
|
|
Batting: RHB Chris Nelson
|
0-0: Called Strike 0-1: Ball 1-1: Foul Ball, location: 2F 1-2: Strikes out swinging
|
|
Batting: RHB Allen Wozniak
|
0-0: Grounds into double play, 4-6-3 (Groundball, 4, EV 90.6 MPH)
|
| Top of the 5th over - 1 run, 2 hits, 0 errors, 1 left on base; Brooklyn 6 - Batavia 2 |
| BOTTOM OF THE 5TH |
|
Batavia Muckdogs batting - Pitching for Brooklyn Cyclones : RHP Tony Ramos
|
|
Batting: RHB Jose Trevino
|
0-0: Ball 1-0: Ball 2-0: Ball 3-0: Base on Balls
|
|
Batting: LHB David Doge
|
0-0: Ball 1-0: Called Strike 1-1: Fielders Choice at 2nd, 3-6 (Groundball, 34S, EV 80.6 MPH)
|
|
Batting: RHB Hiromitsu Yamada
|
0-0: Ball 1-0: Ball 2-0: Called Strike 2-1: Swinging Strike 2-2: Ball 3-2: Base on Balls David Doge to second
|
|
Batting: RHB Jim Fisher
|
0-0: Ball 1-0: Foul Ball, location: 2F 1-1: Ball 2-1: SINGLE (Groundball, 34D, EV 103.1 MPH) David Doge to third Hiromitsu Yamada to second Runner from 3rd tries for Home, SAFE, throw by RF to home
|
|
Batting: RHB Len Graham
|
0-0: Called Strike 0-1: Ball Passed Ball! Hiromitsu Yamada to third Jim Fisher to second 1-1: Ball 2-1: Ball 3-1: Base on Balls
|
|
Batting: LHB Justin Blakely
|
0-0: Fly out, F8 (Flyball, 8LS, EV 82.5 MPH)
|
|
Batting: RHB Nate Crofts
|
0-0: Called Strike 0-1: DOUBLE (Line Drive, 89D, EV 103.1 MPH) Hiromitsu Yamada scores Jim Fisher scores Len Graham to third Runner from 3rd tries for Home, SAFE, throw by CF to trailing runner, OUT at third! 8-3-5
|
| Bottom of the 5th over - 4 runs, 2 hits, 0 errors, 0 left on base; Brooklyn 6 - Batavia 6 |
| TOP OF THE 6TH |
|
Brooklyn Cyclones batting - Pitching for Batavia Muckdogs : RHP Giampaolo Nobile
|
|
Batting: RHB Hyeok Kim
|
0-0: Ball 1-0: Fly out, F7 (Flyball, 7, EV 97.5 MPH)
|
|
Batting: RHB Tony Oria
|
0-0: Ball 1-0: Ball 2-0: Ball 3-0: Base on Balls
|
|
Batting: LHB Victor Ferrermena
|
0-0: Ball Tony Oria steals 2nd base 1-0: SINGLE (Groundball, 4MD, EV 101.2 MPH) Tony Oria to third Runner from 3rd tries for Home, SAFE, throw by CF to home Victor Ferrermena to second
|
|
Batting: LHB Kodai Furuki
|
0-0: Ball 1-0: Foul Ball, location: 2F 1-1: Ground out U3 (Groundball, 3, EV 81.9 MPH) Victor Ferrermena to third
|
|
Batting: LHB Adam Barry
|
0-0: Foul Ball, location: 2F 0-1: Ball 1-1: Ball 2-1: Fly out, F9 (Flyball, 9D, EV 79.4 MPH)
|
| Top of the 6th over - 1 run, 1 hit, 0 errors, 1 left on base; Brooklyn 7 - Batavia 6 |
| BOTTOM OF THE 6TH |
|
Batavia Muckdogs batting - Pitching for Brooklyn Cyclones : RHP Tony Ramos
|
|
Pitching: RHP Alastair Henry
|
|
|
Batting: LHB Emilio Montalvo
|
0-0: Ball 1-0: Ball 2-0: Ball 3-0: Called Strike 3-1: Called Strike 3-2: Base on Balls
|
|
Pinch Hitting: LHB Carlos Mosqueda
|
0-0: Called Strike 0-1: Foul Ball, location: 2F 0-2: Foul Ball, location: 2F 0-2: Ball 1-2: Ball 2-2: Fly out, F8 (Flyball, 89D, EV 81.2 MPH)
|
|
Pinch Hitting: SHB Dan Zink
|
0-0: SINGLE (Groundball, 56, EV 103.1 MPH) Emilio Montalvo to second
|
|
Batting: LHB David Doge
|
0-0: Ground out 5-3 (Groundball, 5, EV 90.0 MPH) Emilio Montalvo to third Dan Zink to second
|
|
Pinch Hitting: LHB Mario Tirado
|
0-0: Foul Ball, location: 2F 0-1: Foul Ball, location: 2F 0-2: Ball 1-2: Fly out, F8 (Flyball, 78XD, EV 104.4 MPH)
|
| Bottom of the 6th over - 0 runs, 1 hit, 0 errors, 2 left on base; Brooklyn 7 - Batavia 6 |
| TOP OF THE 7TH |
|
Brooklyn Cyclones batting - Pitching for Batavia Muckdogs : RHP Giampaolo Nobile
|
|
Now at 2B: Len Graham
|
|
|
Now at 3B: Joe Lightell
|
|
|
Now at SS: J.J. Barajas
|
|
|
Now in LF: Dan Zink
|
|
|
Batting: SHB Julio Ramos
|
0-0: Called Strike 0-1: Ball 1-1: Ball 2-1: Called Strike 2-2: Ball 3-2: Foul Ball, location: 2F 3-2: Base on Balls
|
|
Batting: RHB Leo Roman
|
0-0: Sac Bunt to 13S - play at first, batter OUT! 1-4 Julio Ramos to second
|
|
Batting: RHB Chris Nelson
|
0-0: Ball 1-0: Called Strike 1-1: Ball 2-1: Ball 3-1: Foul Ball, location: 2F 3-2: SINGLE (Groundball, 6MS, EV 68.8 MPH) (infield hit) Julio Ramos to third
|
|
Batting: RHB Allen Wozniak
|
0-0: Ball 1-0: Ball 2-0: SINGLE (Line Drive, 9S, EV 98.1 MPH) Julio Ramos scores Chris Nelson to second Runner from 2nd tries for 3rd, SAFE, throw by RF made to third
|
|
Batting: RHB Hyeok Kim
|
0-0: SINGLE (Groundball, 56D, EV 106.9 MPH) Chris Nelson scores Allen Wozniak to second
|
|
Batting: RHB Tony Oria
|
0-0: Ball 1-0: Ball Allen Wozniak steals 3rd base Hyeok Kim to second 2-0: Called Strike 2-1: SINGLE (Groundball, 6D, EV 106.2 MPH) Allen Wozniak scores Hyeok Kim to third Runner from 3rd tries for Home, SAFE, throw by LF to home
|
|
Batting: LHB Victor Ferrermena
|
0-0: Ball Tony Oria steals 2nd base 1-0: Ball 2-0: Ball 3-0: Called Strike 3-1: Base on Balls
|
|
Pitching: RHP Jayson Johnson
|
|
|
Batting: LHB Kodai Furuki
|
0-0: Ball 1-0: Ball 2-0: Called Strike 2-1: Fielders Choice at 2nd, 3-6 (Groundball, 3, EV 80.0 MPH) Tony Oria to third
|
|
Batting: LHB Adam Barry
|
0-0: Called Strike 0-1: Swinging Strike 0-2: Ball 1-2: Ball 2-2: Strikes out looking
|
| Top of the 7th over - 4 runs, 4 hits, 0 errors, 2 left on base; Brooklyn 11 - Batavia 6 |
| BOTTOM OF THE 7TH |
|
Batavia Muckdogs batting - Pitching for Brooklyn Cyclones : RHP Alastair Henry
|
|
Batting: RHB Jim Fisher
|
0-0: Ball 1-0: Ball 2-0: Ground out 4-3 (Groundball, 4S, EV 73.8 MPH)
|
|
Batting: RHB Len Graham
|
0-0: Ball 1-0: Ball 2-0: Ball 3-0: Called Strike 3-1: Foul Ball, location: 2F 3-2: Base on Balls
|
|
Batting: LHB Justin Blakely
|
0-0: Ball Len Graham steals 2nd base 1-0: Foul Ball, location: 2F 1-1: Called Strike 1-2: Foul Ball, location: 2F 1-2: Ball 2-2: SINGLE (Groundball, 4D, EV 105.0 MPH) Len Graham to third
|
|
Pitching: RHP Leo Burgos
|
|
|
Batting: RHB Nate Crofts
|
0-0: Ball 1-0: Ball 2-0: Ball 3-0: Called Strike 3-1: Swinging Strike 3-2: Fly out, F8 (Flyball, 8RXD, EV 97.5 MPH) Runner from 3rd tags up, SCORES, no throw by CF
|
|
Batting: LHB Emilio Montalvo
|
0-0: Foul Ball, location: 2F 0-1: Called Strike 0-2: Ball 1-2: Ball 2-2: Ball 3-2: Foul Ball, location: 2F 3-2: Strikes out swinging
|
| Bottom of the 7th over - 1 run, 1 hit, 0 errors, 1 left on base; Brooklyn 11 - Batavia 7 |
| TOP OF THE 8TH |
|
Brooklyn Cyclones batting - Pitching for Batavia Muckdogs : RHP Jayson Johnson
|
|
Batting: SHB Julio Ramos
|
0-0: Ball 1-0: Ball 2-0: Called Strike 2-1: Ball 3-1: Base on Balls
|
|
Batting: RHB Leo Roman
|
0-0: Bunted foul Balk! Julio Ramos to second 0-1: Bunt missed! 0-2: Foul Ball, location: 2F 0-2: Hit by Pitch
|
|
Batting: RHB Chris Nelson
|
0-0: Ball 1-0: Called Strike 1-1: Foul Ball, location: 2F 1-2: Ball 2-2: Ball 3-2: Base on Balls Julio Ramos to third Leo Roman to second
|
|
Batting: RHB Allen Wozniak
|
0-0: Ball 1-0: Fielders Choice at 2nd, 6-4 (Groundball, 6, EV 94.4 MPH) Julio Ramos scores Leo Roman to third
|
|
Batting: RHB Hyeok Kim
|
0-0: Ball Allen Wozniak is caught stealing 2nd base 2-4 1-0: Ground out 5-3 (Groundball, 56S, EV 80.0 MPH)
|
| Top of the 8th over - 1 run, 0 hits, 0 errors, 1 left on base; Brooklyn 12 - Batavia 7 |
| BOTTOM OF THE 8TH |
|
Batavia Muckdogs batting - Pitching for Brooklyn Cyclones : RHP Leo Burgos
|
|
Batting: RHB J.J. Barajas
|
0-0: Ball 1-0: Called Strike 1-1: SINGLE (Groundball, 5D, EV 102.5 MPH)
|
|
Batting: SHB Dan Zink
|
0-0: Ball 1-0: Swinging Strike 1-1: Foul Ball, location: 2F 1-2: Grounds into double play, 6-4-3 (Groundball, 6S, EV 86.9 MPH)
|
|
Batting: LHB David Doge
|
0-0: Called Strike 0-1: Ball 1-1: Ball 2-1: Ground out 5-3 (Groundball, 5, EV 83.1 MPH)
|
| Bottom of the 8th over - 0 runs, 1 hit, 0 errors, 0 left on base; Brooklyn 12 - Batavia 7 |
| TOP OF THE 9TH |
|
Brooklyn Cyclones batting - Pitching for Batavia Muckdogs : RHP Jayson Johnson
|
|
Batting: RHB Tony Oria
|
0-0: Swinging Strike 0-1: Swinging Strike 0-2: Ground out 6-3 (Groundball, 56, EV 83.1 MPH)
|
|
Batting: LHB Victor Ferrermena
|
0-0: Foul Ball, location: 2F 0-1: Ball 1-1: Foul Ball, location: 2F 1-2: Ball 2-2: Hit by Pitch
|
|
Batting: LHB Kodai Furuki
|
0-0: Called Strike 0-1: Ball 1-1: Foul Ball, location: 2F 1-2: Ball 2-2: Fly out, F8 (Flyball, 8RM, EV 85.0 MPH)
|
|
Batting: LHB Adam Barry
|
0-0: Hit by Pitch Victor Ferrermena to second
|
|
Batting: SHB Julio Ramos
|
0-0: Called Strike Balk! Victor Ferrermena to third Adam Barry to second 0-1: Ball 1-1: Ball 2-1: Ground out 6-3 (Groundball, 6M, EV 100.6 MPH)
|
| Top of the 9th over - 0 runs, 0 hits, 0 errors, 2 left on base; Brooklyn 12 - Batavia 7 |
| BOTTOM OF THE 9TH |
|
Batavia Muckdogs batting - Pitching for Brooklyn Cyclones : RHP Leo Burgos
|
|
Batting: SHB Joe Lightell
|
0-0: Ball 1-0: Ground out 4-3 (Groundball, 4, EV 78.1 MPH)
|
|
Batting: RHB Jim Fisher
|
0-0: Ball 1-0: Ground out 3-1 (Groundball, 34, EV 82.5 MPH)
|
|
Batting: RHB Len Graham
|
0-0: Ball 1-0: Swinging Strike 1-1: Ground out 4-3 (Groundball, 4, EV 105.0 MPH)
|
| Bottom of the 9th over - 0 runs, 0 hits, 0 errors, 0 left on base; Brooklyn 12 - Batavia 7 |
|